 Dungeon Crawl Stone Soup version 0.17-a0-1545-gc1bb672 (webtiles) character file.

10931 mrath the Thaumaturge (level 11, -1/64 HPs)
             Began as a Gargoyle Earth Elementalist on July 18, 2015.
             Was a Believer of Vehumet.
             Slain by an eight-headed hydra (5 damage)
             ... on level 1 of the Lair of Beasts.
             The game lasted 02:55:14 (16033 turns).

mrath the Thaumaturge (GrEE)                       Turns: 16033, Time: 02:55:17

Health: -1/64      AC: 19    Str: 12    XL:     11   Next: 69%
Magic:  8/24       EV: 14    Int: 25    God:    Vehumet [**....]
Gold:   29         SH:  0    Dex: 14    Spells: 5 memorised, 13 levels left

rFire  . . .     SeeInvis .     a - 125 stones
rCold  . . .     Clarity  .     b - +0 robe
rNeg   + . .     SustAt   .     (no shield)
rPois  ∞         Gourm    .     (no helmet)
rElec  +         Spirit   .     n - +1 cloak
rCorr  .         Warding  .     (no gloves)
rMut   .         Stasis   +     (no boots)
MR     .....                    m - amulet of stasis
Stlth  ++........               P - ring of Waukyr {Int+6 Dex+4}
                                h - +4 ring of protection

@: stone skin, not resistant to hostile enchantments, unstealthy
A: negative energy resistance 1, electricity resistance, unbreathing,
petrification resistance, rot immunity, AC +7
a: Renounce Religion


You were on level 1 of the Lair of Beasts.
You worshipped Vehumet.
Vehumet was pleased with you.
You were not hungry.

You visited 3 branches of the dungeon, and saw 12 of its levels.

You collected 495 gold pieces.
You spent 466 gold pieces at shops.

Inventory:

Hand weapons
 o - a +0 hunting sling
 u - a cursed -2 flail
 x - a +1 blowgun
 A - a +0 shortbow
 D - a +2 spear of venom
 L - a +0 dagger of freezing
 N - a +3 scimitar of flaming
 O - a +1 whip of electrocution
 S - a +2 flail of crushing
 X - a +1 spear of piercing
Missiles
 a - 125 stones (in hand)
 i - 125 sling bullets
 r - 7 arrows of flame
 v - 6 poisoned needles
 z - 5 tomahawks
 E - a javelin (quivered)
 F - 137 arrows
 M - 19 arrows of frost
Armour
 b - a +0 robe (worn)
 n - a +1 cloak (worn)
Jewellery
 h - a +4 ring of protection (left hand)
 m - an amulet of stasis (around neck)
 P - the ring of Waukyr (right hand) {Int+6 Dex+4}
   (You bought it in a shop on level 8 of the Dungeon)

   [ring of dexterity]

   It affects your intelligence (+6).
   It affects your dexterity (+4).
Magical devices
 q - a wand of slowing (7)
 y - a wand of slowing (32)
 G - a wand of lightning (6)
 U - a wand of fire (5)
 Z - a wand of fire (1)
Scrolls
 e - 4 scrolls of identify
 j - a scroll of fog
 k - 8 scrolls of teleportation
 l - 2 scrolls of enchant armour
 p - a scroll of enchant weapon
 s - a scroll of magic mapping
 t - a scroll of fear
 I - a scroll of recharging {unknown}
 V - a scroll of silence {unknown}
Potions
 g - 5 potions of curing
 H - a potion of might {unknown}
 J - a potion of berserk rage {unknown}
 K - a potion of mutation {unknown}
 R - 2 potions of flight
 W - a potion of magic {unknown}
Books
 c - a book of Geomancy

   Spells                             Type                      Level
   a - Sandblast                      Earth                        1
   b - Stoneskin                      Transmutation/Earth          2
   c - Passwall                       Transmutation/Earth          3
   d - Stone Arrow                    Conjuration/Earth            3
   e - Petrify                        Transmutation/Earth          4
   f - Lee's Rapid Deconstruction     Earth                        5
 d - a book of Conjurations

   Spells                             Type                      Level
   a - Magic Dart                     Conjuration                  1
   b - Searing Ray                    Conjuration                  2
   c - Dazzling Spray                 Conjuration/Hexes            3
   d - Fulminant Prism                Conjuration/Hexes            4
   e - Iskenderun's Mystic Blast      Conjuration                  4
   f - Iskenderun's Battlesphere      Conjuration/Charms           5
 T - a book of Alchemy

   Spells                             Type                      Level
   a - Sublimation of Blood           Necromancy                   2
   b - Ignite Poison                  Fire/Transmutation/Poison    3
   c - Alistair's Intoxication        Transmutation/Poison         4
   d - Condensation Shield            Ice                          4
   e - Petrify                        Transmutation/Earth          4
   f - Irradiate                      Conjuration/Transmutation    5
 Y - a book of Callings

   Spells                             Type                      Level
   a - Summon Small Mammal            Summoning                    1
   b - Call Imp                       Summoning                    2
   c - Call Canine Familiar           Summoning                    3
   d - Summon Guardian Golem          Hexes/Summoning              3
   e - Summon Lightning Spire         Summoning/Air                4
   f - Summon Ice Beast               Ice/Summoning                4
Comestibles
 f - 6 slices of pizza
 w - 6 chunks of flesh
 B - 10 meat rations
 C - a royal jelly
 Q - 22 fruits


   Skills:
 + Level 6.1 Fighting
 + Level 5.2 Throwing
 + Level 5.2 Dodging
 - Level 2.2 Stealth
 * Level 9.0 Spellcasting
 + Level 6.9 Conjurations
 + Level 4.8 Transmutations
 + Level 8.6 Earth Magic
 + Level 4.6 Evocations


You had 13 spell levels left.
You knew the following spells:

 Your Spells              Type           Power        Failure   Level  Hunger
a - Sandblast             Erth           ######       1%          1    None
b - Stoneskin             Trmt/Erth      #####...     1%          2    None
c - Stone Arrow           Conj/Erth      ######       1%          3    None
d - Lee's Rapid Deconstr  Erth           ######....   6%          5    ####...
e - Iskenderun's Mystic   Conj           #####...     3%          4    ##.....


Dungeon Overview and Level Annotations

Branches:
Dungeon (10/15)            Temple (1/1) D:7            Lair (1/8) D:10
    Orc: D:9-12

Altars:
Ashenzari
Cheibriados
Dithmenos
Elyvilon
Fedhas
Gozag
Makhleb
Nemelex Xobeh
Okawaru
Qazlal
Sif Muna
Trog
Vehumet
Zin
The Shining One

Shops:
D:4 :   D:6 =   D:8 =(%((


Innate Abilities, Weirdness & Mutations

You are resistant to torment.
Your stone body is resilient (AC +7).
You are immune to poison.
You resist negative energy.
You are resistant to electric shocks.
You can survive without breathing.
You are immune to petrification.
You are immune to rotting.


Message History

The eight-headed hydra bites you!
The eight-headed hydra bites you but does no damage.
The eight-headed hydra closely misses you.
The eight-headed hydra bites you.
* * * LOW HITPOINT WARNING * * *
The eight-headed hydra bites you!
* * * LOW HITPOINT WARNING * * *
The eight-headed hydra barely misses you.
The eight-headed hydra misses you.
The eight-headed hydra bites you but does no damage.
Read which item? (? for menu, Esc to quit)
You cannot teleport because you are wearing an amulet of stasis.
The eight-headed hydra barely misses you.
The eight-headed hydra bites you.
* * * LOW HITPOINT WARNING * * *
The eight-headed hydra bites you but does no damage. x2
The eight-headed hydra barely misses you.
The eight-headed hydra completely misses you.
The eight-headed hydra bites you.
You die...

.......####........♣
.....######........♣
.#....###..........♣
.###...............♣ #
##..............♣
##.............♣
#.......###....♣♣
#........####D...♣♣
#..##......###@....♣ ....
##.....##......♣♣ .....
#......#......(♣♣ . ....
#...............♣♣♣♣♣♣P..P
#............(..÷÷(..((....
#.................(...((.(.
.............................
..........##P................
...........##.........##....#


You could see an eight-headed hydra.

Vanquished Creatures
  Erica (D:9)
  A hydra (D:8)
  3 hill giants (D:10)
  A spiny frog (Lair:1)
  5 elephants (Lair:1)
  Joseph (D:9)
  8 yaks
  2 hungry ghosts
  A water moccasin (D:5)
  2 ice beasts
  3 orc warriors
  A sky beast (D:10)
  A necrophage (D:10)
  3 ogres
  3 centaurs
  4 big kobolds (D:8)
  A crocodile (D:10)
  6 giant frogs
  4 scorpions
  A water moccasin skeleton (D:5)
  3 killer bees (D:10)
  2 crimson imps
  5 orc priests
  5 orc wizards
  A giant frog skeleton (D:3)
  2 quasits
  2 giant frog zombies (D:5)
  4 hounds
  2 iguanas
  A gnoll shaman (D:9)
  2 jellies
  Jessica (D:2)
  4 centaur skeletons
  3 worker ants
  2 sheep (D:8)
  A hound zombie (D:8)
  A hound skeleton (D:5)
  15 gnolls
  14 adders
  A shadow imp (D:6)
  5 river rats (Lair:1)
  An ooze (D:5)
  An adder skeleton (D:5)
  An adder zombie (D:6)
  2 worms
  3 giant geckos
  43 orcs
  2 bat skeletons
  6 giant cockroaches
  12 hobgoblins
  8 jackals
  3 quokkas
  A ball python (D:1)
  19 bats
  A giant gecko skeleton (D:5)
  3 giant newts
  17 goblins
  24 kobolds
  4 quokka skeletons
  15 rats
294 creatures vanquished.

Vanquished Creatures (others)
  An orc priest (D:5)
1 creature vanquished.

Grand Total: 295 creatures vanquished

Notes
Turn   | Place    | Note
--------------------------------------------------------------
     0 | D:1      | mrath the Gargoyle Earth Elementalist began the quest for the Orb.
     0 | D:1      | Reached XP level 1. HP: 10/10 MP: 3/3
   339 | D:1      | Reached XP level 2. HP: 12/15 MP: 1/5
   386 | D:1      | Learned a level 2 spell: Stoneskin
   677 | D:1      | Reached skill level 4 in Earth Magic
   758 | D:1      | Reached skill level 1 in Transmutations
   942 | D:1      | Reached XP level 3. HP: 19/19 MP: 4/6
   953 | D:1      | Learned a level 3 spell: Stone Arrow
  1760 | D:2      | Found a snail-covered altar of Cheibriados.
  1772 | D:2      | Reached XP level 4. HP: 24/24 MP: 3/8
  1932 | D:2      | Noticed Jessica
  1937 | D:2      | Killed Jessica
  2957 | D:2      | Reached XP level 5. HP: 28/28 MP: 7/10
  3097 | D:3      | Reached skill level 1 in Conjurations
  3281 | D:3      | Found a shadowy altar of Dithmenos.
  3449 | D:3      | Reached skill level 5 in Earth Magic
  3688 | D:3      | Reached XP level 6. HP: 22/32 MP: 6/12
  3841 | D:3      | Found a bloodstained altar of Trog.
  4018 | D:3      | Found an opulent altar of Gozag.
  4095 | D:3      | Found a sparkling altar of Nemelex Xobeh.
  4365 | D:3      | Found a faded altar to an unknown god.
  5172 | D:4      | Found Viorum's Book Emporium.
  5648 | D:4      | Found an opulent altar of Gozag.
  5717 | D:4      | Found a blossoming altar of Fedhas.
  6240 | D:4      | Reached XP level 7. HP: 34/36 MP: 6/14
  6574 | D:5      | Entered Level 5 of the Dungeon
  6694 | D:5      | Reached skill level 5 in Spellcasting
  7139 | D:5      | Found a white marble altar of Elyvilon.
  7569 | D:5      | Reached skill level 1 in Fighting
  7569 | D:5      | Reached skill level 1 in Throwing
  7569 | D:5      | Reached skill level 6 in Earth Magic
  7569 | D:5      | Reached XP level 8. HP: 41/43 MP: 12/16
  7638 | D:5      | Reached skill level 1 in Evocations
  8813 | D:6      | Found Qontit's Jewellery Shop.
  8925 | D:6      | Reached XP level 9. HP: 49/49 MP: 15/18
  9565 | D:7      | Found a staircase to the Ecumenical Temple.
  9572 | Temple   | Entered the Ecumenical Temple
  9597 | Temple   | Became a worshipper of Vehumet
  9948 | D:7      | Learned a level 5 spell: Lee's Rapid Deconstruction
 10136 | D:8      | Found a shattered altar of Ashenzari.
 10497 | D:8      | Found Azxef's Antique Weapon Shop.
 10722 | D:8      | Acquired Vehumet's first power
 10722 | D:8      | Offered knowledge of Shock by Vehumet.
 10895 | D:8      | Found Odistid's Jewellery Shoppe.
 10919 | D:8      | Found Kiyl's Food Boutique.
 10986 | D:8      | Found Oraath's Weapon Emporium.
 10994 | D:8      | Found Olayses's Weapon Shop.
 11335 | D:8      | Reached skill level 7 in Spellcasting
 11395 | D:8      | Noticed a three-headed hydra
 11400 | D:8      | Killed a three-headed hydra
 11400 | D:8      | Reached skill level 5 in Conjurations
 11400 | D:8      | Reached XP level 10. HP: 52/56 MP: 7/20
 11689 | D:9      | Noticed Erica
 12315 | D:9      | Noticed Joseph
 12625 | D:9      | Killed Joseph
 12924 | D:9      | Killed Erica
 12924 | D:9      | Reached skill level 5 in Fighting
 12924 | D:9      | Reached skill level 8 in Spellcasting
 13208 | D:10     | Entered Level 10 of the Dungeon
 13311 | D:10     | Found a glowing golden altar of the Shining One.
 13441 | D:10     | Noticed a hill giant
 13460 | D:10     | HP: 2/59 [hill giant/giant club (10)]
 13461 | D:10     | Killed a hill giant
 13461 | D:10     | Reached XP level 11. HP: 2/64 MP: 16/23
 14095 | D:8      | Bought the ring of Waukyr {Int+6 Dex+4} for 466 gold pieces
 14329 | D:10     | Noticed a hill giant
 14340 | D:10     | Killed a hill giant
 14512 | D:10     | Offered knowledge of Throw Flame by Vehumet.
 14518 | D:10     | Learned a level 4 spell: Iskenderun's Mystic Blast
 14637 | D:10     | Noticed a hill giant
 15306 | D:10     | Found a staircase to the Lair.
 15387 | D:10     | Killed a hill giant
 15469 | Lair:1   | Entered Level 1 of the Lair of Beasts
 15595 | Lair:1   | Reached skill level 5 in Throwing
 15595 | Lair:1   | Reached skill level 5 in Dodging
 15909 | Lair:1   | Reached skill level 9 in Spellcasting
 16018 | Lair:1   | Noticed an eight-headed hydra
 16033 | Lair:1   | Slain by an eight-headed hydra

Vault maps used:
D:1:      dpeg_arrival_simpleton_c
D:2:      cheibriados_altar_wand_db, uniq_jessica
D:3:      overflow_temple_1_default, nemelex_xobeh_ov_fountains_minmay,
          grunt_dithmenos_smoke_and_mirrors, ecumenical_altar_1,
          grunt_gozag_breadcrumbs
D:4:      grunt_temple_overflow_open, first_bread, serial_shops,
          kennysheep_little_box
D:5:      nicolae_overflow_crystal_walls, wad_floor_pattern_untrapped
D:6:      serial_shops, nicolae_shop_crystal
D:7:      temple_green
D:8:      evilmike_ruin_ashenzari, serial_shops, shop,
          nicolae_shop_scaring_up_business, nicolae_shop_trees, shop,
          nicolae_shop_trees, hangedman_ranch
D:9:      lemuel_zombie_altar_yredelemnul, uniq_joseph, uniq_erica
D:10:     lair_0_dummy, nicolae_tso_swordbearing_angel
Temple:   roderic_octagonal_lattice_temple
Lair:1:   mu_elephants_graveyard, nicolae_lair_grove_arrangements,
          minmay_stone_trees_small

Action                   |  1- 3 |  4- 6 |  7- 9 | 10-12 || total
-------------------------+-------+-------+-------+-------++-------
Melee: Short sword       |    37 |   145 |    51 |       ||   233
       Spear             |       |       |   117 |    58 ||   175
       Flail             |       |       |    44 |    21 ||    65
       Falchion          |       |       |       |    10 ||    10
       Scimitar          |       |       |       |     2 ||     2
 Fire: Blowgun           |       |    32 |    93 |    55 ||   180
Throw: Tomahawk          |       |    14 |       |       ||    14
       Javelin           |       |    10 |    55 |    30 ||    95
       Stone             |       |       |       |     1 ||     1
 Cast: Sandblast         |    38 |    81 |    68 |   114 ||   301
       Stone Arrow       |     1 |       |     1 |    24 ||    26
       Stoneskin         |       |     5 |    13 |    13 ||    31
       Lee's Rapid Decon |       |       |     2 |     2 ||     4
       Iskenderun's Myst |       |       |       |     3 ||     3
  Use: Scroll            |       |     4 |     8 |     5 ||    17
       Potion            |       |       |       |     1 ||     1
 Stab: Sleeping          |     1 |     3 |    11 |     9 ||    24
       Distracted        |       |       |     1 |       ||     1
  Eat: Chunk             |     2 |    11 |    11 |     8 ||    32
       Pizza             |     1 |       |       |       ||     1
       Bread ration      |       |     1 |     1 |       ||     2
       Beef jerky        |       |       |     1 |     2 ||     3
       Royal jelly       |       |       |       |     2 ||     2
